AoeStats
← Mr.Big

African Clearing

511055221Analyzed
4v4 RM · 5h ago on Oct 3, 2026· 62m 30s· 8 players
Game mode
Random Map
Map size
Large (8 player)
Population
200
Speed
Normal
Resources
Standard
Victory
Conquest
Starting age
Dark Age
Ending age
Imperial Age
RankedLock teamsTeams togetherTeam positionsShared explorationLock speedFull tech treeHidden civsTurbo modeCheats
Victory
Defeat
🇩🇪 Japanese · Germany
1286
+16
🇹🇷 Mongols · Türkiye
1265
+17
🇩🇪 Malians · Germany
1252
+17
🇫🇷 Hindustanis · France
1229
+17
🇨🇳 Varangians · China
1315
-18
🇨🇳 Cumans · China
1261
-16
🇹🇼 Saxons · Taiwan
1239
-15
lokiuupt
3:11 Loom
13:59 Feudal Age
18:09 Castle Age
17:30 Gold Mining
17:33 Stone Mining
18:52 Horse Collar
27:58 Double-Bit Axe
30:30 Wheelbarrow
31:16 Squires
31:34 Scale Mail Armor
34:42 Gold Shaft Mining
35:09 Bow Saw
35:46 Chain Mail Armor
37:51 Heavy Plow
39:54 Scale Barding Armor
40:01 Forging
39:39 Light Cavalry
41:15 Chain Barding Armor
42:56 Bloodlines
45:12 Iron Casting
45:52 Herbal Medicine
46:20 Hand Cart
48:08 Arson
54:04 Imperial Age
53:33 Fletching
54:03 Masonry
54:16 Ballistics
54:27 Bodkin Arrow
54:55 Elite Gbeto
56:19 Plate Mail Armor
55:59 Town Watch
56:55 Conscription
59:09 Crop Rotation
Green Assassin
4:38 Loom
15:39 Feudal Age
16:20 Double-Bit Axe
20:27 Castle Age
19:35 Fishing Lines
19:55 Fletching
22:20 Wheelbarrow
26:38 Bodkin Arrow
27:14 Gillnets
28:07 Ballistics
28:55 Bow Saw
31:36 Thumb Ring
31:34 Padded Archer Armor
32:15 Gold Mining
32:45 Hand Cart
32:51 Leather Archer Armor
38:17 Imperial Age
37:08 Bloodlines
36:59 Husbandry
38:50 Scale Mail Armor
38:31 Capped Ram
40:26 Siege Engineers
41:22 Chemistry
40:46 Kataparuto
40:51 Conscription
40:08 Heavy Cavalry Archer
41:13 Parthian Tactics
40:59 Bracer
41:15 Chain Mail Armor
41:28 Elite Samurai
42:43 Hoardings
43:09 Plate Mail Armor
42:50 Forging
46:21 Iron Casting
52:50 Pikeman
53:30 Squires
53:15 Arson
53:54 Halberdier
55:38 Blast Furnace
55:08 Ring Archer Armor
54:47 Murder Holes
54:38 Arrowslits
54:44 Guard Tower
55:04 Yasama
59:15 Keep
Exellence
5:18 Loom
13:09 Feudal Age
17:33 Castle Age
17:47 Fletching
22:33 Double-Bit Axe
22:48 Bodkin Arrow
22:59 Padded Archer Armor
24:33 Leather Archer Armor
27:51 Bloodlines
27:41 Husbandry
29:19 Bow Saw
31:24 Thumb Ring
34:14 Wheelbarrow
33:35 Gold Mining
37:15 Gold Shaft Mining
37:02 Ballistics
39:11 Horse Collar
40:07 Hand Cart
44:22 Imperial Age
41:59 Stone Mining
42:14 Heavy Plow
44:31 Elite Mangudai
45:46 Parthian Tactics
45:53 Bracer
46:29 Capped Ram
49:05 Drill
49:01 Siege Ram
53:59 Chemistry
56:44 Siege Engineers
56:09 Heavy Scorpion
56:59 Town Watch
marsupoil3232
9:35 Loom
17:59 Feudal Age
19:24 Feudal Age
22:54 Double-Bit Axe
29:00 Castle Age
29:20 Wheelbarrow
43:25 Horse Collar
45:21 Wheelbarrow
45:13 Bow Saw
45:06 Heavy Plow
46:04 Scale Mail Armor
46:14 Forging
49:39 Imperial Age
48:04 Wheelbarrow
47:49 Chain Mail Armor
56:48 Imperial Age
56:04 Wheelbarrow
55:14 Town Watch
Mr.Big
9:46 Loom
13:28 Feudal Age
14:14 Double-Bit Axe
21:46 Horse Collar
22:19 Fletching
27:27 Castle Age
27:53 Elite Skirmisher
29:41 Bodkin Arrow
30:13 Bow Saw
36:43 Wheelbarrow
35:54 Town Watch
36:53 Thumb Ring
37:52 Husbandry
38:52 Stone Mining
38:53 Gold Mining
39:34 Padded Archer Armor
41:01 Hand Cart
41:27 Bloodlines
43:53 Gold Shaft Mining
47:58 Imperial Age
47:19 Ballistics
48:15 Cranequins
49:20 Bracer
49:36 Leather Archer Armor
51:09 Chemistry
49:59 Heavy Mounted Crossbowman
52:08 Forging
51:59 Scale Mail Armor
52:30 Shield Wall
52:32 Elite Hearth Troop
54:00 Squires
53:46 Arson
53:47 Gambesons
55:39 Siege Engineers
55:41 Elite Varangian Guard
58:53 Two-Man Saw
60:34 Chain Mail Armor
61:48 Treadmill Crane
Mryo's fans
4:51 Loom
13:17 Feudal Age
15:01 Fletching
21:04 Double-Bit Axe
26:11 Castle Age
25:53 Bloodlines
25:57 Forging
26:40 Scale Barding Armor
29:51 Wheelbarrow
33:01 Horse Collar
37:26 Chain Barding Armor
42:12 Imperial Age
40:20 Heavy Plow
42:43 Iron Casting
42:37 Bow Saw
43:20 Gold Mining
43:49 Hand Cart
46:01 Plate Barding Armor
45:53 Cavalier
47:38 Town Watch
49:56 Two-Man Saw
49:28 Conscription
49:51 Town Patrol
49:43 Paladin
2987052186
3:49 Loom
15:12 Feudal Age
19:47 Castle Age
36:46 Double-Bit Axe
38:15 Wheelbarrow
39:09 Gold Mining
40:53 Horse Collar
51:22 Imperial Age
16岁少女在公交车上被11个大汉轮流让座
13:02 Feudal Age
16:55 Castle Age
15:20 Double-Bit Axe
16:04 Stone Mining
18:16 Bow Saw
20:05 Horse Collar
23:02 Loom
28:21 Sanctity
28:12 Fervor
29:16 Elite Skirmisher
35:24 Heavy Plow
35:46 Redemption
38:46 Wheelbarrow
40:58 Imperial Age
42:28 Scale Mail Armor
42:38 Forging
42:19 Fletching
42:26 Gold Mining
43:12 Stone Shaft Mining
44:52 Wheelbarrow
44:49 Bodkin Arrow
48:56 Conscription
54:07 Hamask
56:22 Hand Cart
56:13 Squires
59:24 Pikeman
62:19 Chain Mail Armor
62:39 Iron Casting
Connection lost

Rejoining the realm…

Still unreachable

The connection could not be restored.

Session expired

The server has moved on; the page needs a fresh start.